 Dungeon Sprint DCSS version 0.17.1-1-g73c8601 (webtiles) character file.

107 Elvalys the Covert (level 4, -2/21 HPs)
             Began as a Spriggan Enchanter on Dec 30, 2015.
             Slain by a siren
             ... wielding a +0 spear
              (7 damage)
             ... in the Dungeon (Sprint II: "The Violet Keep of Menkaure").
             The game lasted 00:04:17 (323 turns).

Elvalys the Covert (Spriggan Enchanter)              Turns: 323, Time: 00:04:17

Health: -2/21      AC:  3    Str:  4    XL:     4   Next: 56%
Magic:  1/12       EV: 18    Int: 17    God:
Gold:   486        SH:  0    Dex: 16    Spells: 2 memorised, 10 levels left

rFire  . . .     SeeInvis +     a - +1 dagger
rCold  . . .     Clarity  .     b - +1 robe
rNeg   . . .     SustAt   .     (shield restricted)
rPois  .         Gourm    .     (helmet restricted)
rElec  .         Spirit   .     (no cloak)
rCorr  .         Warding  .     (gloves unavailable)
rMut   .         NoTele   +     (boots unavailable)
MR     .....                    (no amulet)
Stlth  +++++.....               (no ring)
                                (no ring)

@: mesmerised, very slightly contaminated, very quick, not resistant to hostile
enchantments, quite stealthy
A: unfitting armour, see invisible, herbivore 3, speed 3, slow metabolism 2
a: no special abilities


You were in the Dungeon.
You were not hungry.

You visited 1 branch You collected 486 gold pieces.

Inventory:

Hand Weapons
 a - a +1 dagger (weapon)
Armour
 b - a +1 robe (worn)
Scrolls
 j - a scroll of blinking
Potions
 e - a potion of curing
 f - a potion of heal wounds
 g - a potion of haste
 h - 2 potions of magic
 i - a potion of berserk rage
Books
 c - a book of Maledictions

   Spells                             Type                      Level
   a - Corona                         Hexes                        1
   b - Ensorcelled Hibernation        Hexes/Ice                    2
   c - Confuse                        Hexes                        3
   d - Tukima's Dance                 Hexes                        3
   e - Dazzling Spray                 Conjuration/Hexes            3
Comestibles
 d - a bread ration


   Skills:
 - Level 1.1 Short Blades
 - Level 3.0 Dodging
 * Level 11.0 Stealth
 * Level 5.4 Spellcasting
 + Level 6.7 Hexes
 + Level 0.4 Ice Magic


You had 10 spell levels left.
You knew the following spells:

 Your Spells              Type           Power        Failure   Level  Hunger
a - Corona                Hex            ####...      1%          1    None
b - Ensorcelled Hibernat  Hex/Ice        ###...       6%          2    #......


Dungeon Overview and Level Annotations

Branches:
Dungeon (1/1)

Altars:


Innate Abilities, Weirdness & Mutations

You are tiny and cannot use many weapons and most armour.
You have supernaturally acute eyesight.
You are a herbivore.
You cover ground extremely quickly.
You need consume almost no food.


Message History

Casting: Ensorcelled Hibernation
Confirm with . or Enter, or press ? or * to list all spells.
Aiming: Ensorcelled Hibernation
Press: ? - help, Shift-Dir - straight line, f/p - siren
Aim: a siren, wielding a spear (lightly wounded, mesmerising, chance to defeat MR: 16%)
The siren resists with almost no effort.
The siren chants its luring song.
You hit the siren but do no damage.
The siren is lightly wounded.
The siren completely misses you.
You hit the siren.
The siren is lightly wounded.
The siren closely misses you.
You closely miss the siren.
The siren is lightly wounded.
The siren chants its luring song.
You hit the siren but do no damage.
The siren is lightly wounded.
The siren hits you with a spear!
You die...

##+## ##.#.##
#.†#..#
#####.### #
##.###'# .##
#...##.##$B.#
#@'.<.+#
#.m.##.##.B.#
##.###'## .##
#####..## #
#.##..#
#.#.## ##+##
#≈≈≈≈≈≈≈≈≈§≈
#+++#+++#≈§§


You could see a siren.

Vanquished Creatures
  4 worker ants (D)
  3 worms (D)
7 creatures vanquished.

Notes
Turn   | Place    | Note
--------------------------------------------------------------
     0 | D        | Elvalys the Spriggan Enchanter began the quest for the Orb.
     0 | D        | Reached XP level 1. HP: 9/9 MP: 5/5
     1 | D        | Noticed a boulder beetle
     1 | D        | Noticed a boulder beetle
     4 | D        | Noticed a worker ant
     4 | D        | Noticed a worker ant
     7 | D        | Noticed a siren
    13 | D        | Reached skill level 5 in Stealth
    15 | D        | Reached skill level 6 in Stealth
   240 | D        | Noticed an electric eel
   240 | D        | Noticed an electric eel
   240 | D        | Noticed an electric eel
   240 | D        | Noticed an electric eel
   241 | D        | Noticed an electric eel
   241 | D        | Noticed an electric eel
   243 | D        | Reached XP level 2. HP: 13/13 MP: 5/7
   250 | D        | Learned a level 2 spell: Ensorcelled Hibernation
   258 | D        | Noticed a worker ant
   258 | D        | Noticed a worker ant
   259 | D        | Killed a worker ant
   259 | D        | Reached skill level 8 in Stealth
   259 | D        | Reached skill level 5 in Hexes
   259 | D        | Reached XP level 3. HP: 16/16 MP: 6/9
   261 | D        | Killed a worker ant
   261 | D        | Reached skill level 9 in Stealth
   270 | D        | Killed a worker ant
   270 | D        | Reached skill level 10 in Stealth
   270 | D        | Reached skill level 5 in Spellcasting
   270 | D        | Reached XP level 4. HP: 21/21 MP: 3/12
   276 | D        | Killed a worker ant
   276 | D        | Reached skill level 11 in Stealth
   323 | D        | Slain by a siren

Action                   |  1- 3 |  4- 6 || total
-------------------------+-------+-------++-------
Melee: Dagger            |     7 |     9 ||    16
 Cast: Ensorcelled Hiber |     2 |     3 ||     5
 Stab: Sleeping          |     6 |     1 ||     7
